 Dungeon Crawl Stone Soup version 0.29.1-1-gd02db6906a (webtiles) character file.

Game seed: 8311352510038108406

9516 Ashen the Frost Mage (level 11, -20/86 HPs)
             Began as a Demonspawn Ice Elementalist on Oct 20, 2022.
             Was a Priest of Vehumet.
             Demolished by a boulder beetle (44 damage)
             ... on level 10 of the Dungeon.
             The game lasted 00:40:33 (11314 turns).

Ashen the Frost Mage (Demonspawn Ice Elementalist) Turns: 11314, Time: 00:40:34

Health: -20/86     AC:  9    Str:  8    XL:     11   Next: 24%
Magic:  23/23      EV: 20    Int: 22    God:    Vehumet [***...]
Gold:   50         SH:  0    Dex: 13    Spells: 15/26 levels left

rFire   . . .      SeeInvis .   r - +4 dagger (venom)
rCold   . . .      Faith    .   (no shield)
rNeg    . . .      Spirit   .   a - +0 robe
rPois   .          Reflect  .   m - +0 helmet
rElec   .          Harm     .   k - +0 cloak
rCorr   +          Rampage  .   N - +0 pair of gloves
Will    .....                   (boots unavailable)
Stlth   +.........              F - amulet of regeneration
HPRegen 1.04/turn               y - ring of resist corrosion
MPRegen 0.36/turn               e - +4 ring of protection

@: confused, agile, ambrosia-drunk
A: hooves 3, large bone plates 1, powered by pain 1, magic regeneration
a: Renounce Religion


You were on level 10 of the Dungeon.
You worshipped Vehumet.
Vehumet was most pleased with you.
You visited 2 branches of the dungeon, and saw 12 of its levels.
You also visited: Bailey.

You collected 832 gold pieces.
You spent 782 gold pieces at shops.

Inventory:

Hand Weapons
 p - a +1 flail
 r - a +4 dagger of venom (weapon)
Missiles
 u - 4 throwing nets
 D - 5 javelins
Armour
 a - a +0 robe (worn)
 k - a +0 cloak (worn)
 m - a +0 helmet (worn)
 q - a +0 buckler
 N - a +0 pair of gloves (worn)
Magical Staves
 h - a staff of earth
Jewellery
 d - a ring of see invisible
 e - a +4 ring of protection (right hand)
 y - a ring of resist corrosion (left hand)
 F - an amulet of regeneration (around neck)
 H - a ring of flight
Wands
 j - a wand of digging (2)
 o - a wand of flame (3)
 z - a wand of quicksilver (9)
 B - a wand of roots (3)
Scrolls
 f - 2 scrolls of immolation
 g - a scroll of torment {unknown}
 n - 7 scrolls of enchant weapon
 s - 2 scrolls of enchant armour {unknown}
 t - 2 scrolls of amnesia {unknown}
 v - 2 scrolls of magic mapping {unknown}
 w - 2 scrolls of poison {unknown}
 L - 3 scrolls of fog {unknown}
 P - 2 scrolls of brand weapon {unknown}
 Q - 3 scrolls of blinking {unknown}
Potions
 b - a potion of magic
 i - 4 potions of might
 l - 4 potions of haste
 x - 2 potions of mutation
 A - a potion of flight
 C - a potion of cancellation
 E - 5 potions of curing
 G - a potion of experience
 I - a potion of brilliance
 K - a potion of lignification
 M - a potion of ambrosia
 O - a potion of attraction


   Skills:
 + Level 7.9 Fighting
 + Level 7.8 Dodging
 - Level 5.0 Stealth
 + Level 8.0 Spellcasting
 + Level 4.0 Conjurations
 + Level 8.6 Ice Magic


You had 15 spell levels left.
You knew the following spells:

 Your Spells              Type           Power      Damage    Failure   Level
a - Freeze                Ice            100%       1d11      1%          1
b - Frozen Ramparts       Ice            92%        1d14      1%          3
c - Ozocubu's Armour      Ice            46%        N/A       1%          3
d - Hailstorm             Conj/Ice       36%        3d9       1%          4

Your spell library contained the following spells:

 Spells                   Type           Power      Damage    Failure   Level
 Ignite Poison            Fire/Tmut/Pois 8%         N/A       6%          3
 Shock                    Conj/Air       68%        1d7       1%          1
 Dazzling Flash           Conj/Hex       34%        N/A       2%          3
 Stone Arrow              Conj/Erth      34%        3d9       2%          3
 Iskenderun's Mystic Bla  Conj/Tloc      17%        2d5       9%          4
 Blink                    Tloc           16%        N/A       11%         2
 Airstrike                Air            4%         2d(1-17)  19%         4
 Lesser Beckoning         Tloc           8%         N/A       22%         3
 Portal Projectile        Hex/Tloc       16%        N/A       22%         3
 Swiftness                Air            8%         N/A       22%         3
 Tukima's Dance           Hex            8%         N/A       22%         3
 Yara's Violent Unravell  Hex/Tmut       4%         3d4       45%         5
 Animate Armour           Summ/Erth      16%        N/A       58%         4
 Passage of Golubria      Tloc           8%         N/A       58%         4
 Starburst                Conj/Fire      8%         6d4       73%         6
 Agony                    Necr           8%         N/A       90%         5
 Alistair's Intoxication  Tmut/Pois      5%         N/A       90%         5
 Blade Hands              Tmut           4%         N/A       90%         5
 Borgnjor's Vile Clutch   Necr/Erth      4%         N/A       90%         5
 Manifold Assault         Tloc           8%         N/A       90%         5
 Silence                  Hex/Air        4%         N/A       90%         5
 Eringya's Noxious Bog    Tmut/Pois      4%         N/A       93%         6
 Borgnjor's Revivificati  Necr           4%         N/A       100%        8
 Lehudib's Crystal Spear  Conj/Erth      8%         10d4      100%        8
 Necromutation            Tmut/Necr      4%         N/A       100%        8
 Death's Door             Necr           4%         N/A       100%        9


Dungeon Overview and Level Annotations

Branches:
Dungeon (11/15)            Temple (1/1) D:6            Lair (0/5) D:10
 Bailey (visited)
    Orc: D:9-12

Altars:
Ashenzari
Cheibriados
Dithmenos
Fedhas
Gozag
Hepliaklqana
Kikubaaqudgha
Makhleb
Nemelex Xobeh
Okawaru
Qazlal
Ru
Sif Muna
Trog
Uskayaw
Vehumet
Wu Jian
Xom
Yredelemnul

Shops:
D:9 **   D:11 !

Annotations:
D:3 exclusion: water moccasin
D:4 2 transporters, sentinel's ghost, weakling MeEE
D:6 2 transporters, bear's ghost, novice SpEE
D:10 2 transporters, diceflayer's ghost, journeyman MiFi


Innate Abilities, Weirdness & Mutations

You have hooves in place of feet.
You are partially covered in large bone plates. (SH +4)
You sometimes gain a little power by taking damage.
You regenerate magic rapidly.


Message History

You hit the boulder beetle but do no damage.
You kick the boulder beetle, but do no damage.
The boulder beetle bites you!!
Casting: Hailstorm (dangerous; 1% risk of failure)
Confirm with . or Enter, or press ? or * to list all spells.
A film of ice covers your body! The boulder beetle closely misses you.
Casting: Ozocubu's Armour (safe; 1% risk of failure)
Confirm with . or Enter, or press ? or * to list all spells.
Okay, then.
Aiming: Quicksilver Bolt
Press: ? - help, Shift-Dir - straight line The bolt of dispelling energy hits the boulder beetle.
The boulder beetle is lightly wounded.
The boulder beetle bites you!!
* * * LOW HITPOINT WARNING * * *
You focus on the pain.
You feel your power returning.
You feel much better. The boulder beetle bites you!
Okay, then.
Okay, then.
Okay, then.
Casting: Ozocubu's Armour (safe; 1% risk of failure)
Confirm with . or Enter, or press ? or * to list all spells.
Okay, then.
Okay, then.
As you read the scroll of teleportation, it crumbles to dust.
You feel strangely unstable. The boulder beetle bites you!
* * * LOW HITPOINT WARNING * * *
You focus on the pain.
You feel agile all of a sudden.
You are confused.
You feel invigorated. The boulder beetle bites you.
* * * LOW HITPOINT WARNING * * *
Your surroundings seem slightly different.
Your icy armour cracks and falls away as you move.
The troll shouts!
The boulder beetle curls into a ball and begins rolling!
Your magical contamination has completely faded away.
You're too confused to move!
The boulder beetle hits you!!!
Ouch! That really hurt!
You die... ...####.####......#.### ##.......#...#..###..## #....©......##### #...### ...#####....##.[###))...# .###.©.###............### ##....yo###......#...## #....###..#......##### #T...# .o##.......# To....

#.T#....@.## oo##._
..©#....B.§##### y##
#..#...>.○...#.## #.#
#.#§#.##....##......#
##.....####.....#.......#
##...... ##.....#......##
.###...###.............#
...#####...............#
#....©....#.......##..##


You could see a boulder beetle (rolling), a troll and an orc warrior
(wandering).

Vanquished Creatures
  Erolcha (D:9)
  Harold (D:10)
  Sonja (D:10)
  An orc knight (Bailey)
  A deep elf pyromancer (Bailey)
  Maurice (D:10)
  A komodo dragon (D:11)
  A kobold demonologist (D:9)
  2 hornets
  A shadow (D:9)
  A wraith (D:9)
  2 wyverns
  2 steam dragons
  An acid dragon (D:10)
  A water moccasin (D:6)
  10 orc warriors
  An ice beast (D:8)
  A black bear (D:6)
  5 centaurs
  A phantom (D:5)
  20 kobold brigands
  4 necrophages
  10 killer bees
  2 howler monkeys
  2 hounds
  A jelly (D:6)
  4 orc priests
  2 gnoll boudas
  3 iguanas
  7 orc wizards
  6 adders
  16 gnolls
  A shadow imp (D:8)
  2 ufetubi
  A worm (D:3)
  2 dart slugs
  44 orcs
  7 ball pythons
  4 bats
  3 endoplasms
  2 giant cockroaches
  5 hobgoblins
  9 jackals (D:1)
  4 quokkas
  12 frilled lizards
  10 goblins
  15 kobolds
  A rat (D:2)
235 creatures vanquished.

Vanquished Creatures (others)
  7 plants (D:1)
7 creatures vanquished.

Grand Total: 242 creatures vanquished

Notes
Turn   | Place    | Note
-------+----------+-------------------------------------------
     0 | D:1      | Ashen the Demonspawn Ice Elementalist began the quest for
                  | the Orb.
     0 | D:1      | Reached XP level 1. HP: 13/13 MP: 3/3
   187 | D:1      | Gained mutation: You have large cloven feet. [demonic
                  | ancestry]
   187 | D:1      | Reached XP level 2. HP: 9/19 MP: 0/5
   555 | D:1      | Gained mutation: You have hoof-like feet. [demonic
                  | ancestry]
   555 | D:1      | Reached XP level 3. HP: 15/24 MP: 0/6
  1618 | D:2      | Gained mutation: You sometimes gain a little power by
                  | taking damage. [demonic ancestry]
  1618 | D:2      | Reached XP level 4. HP: 27/30 MP: 3/7
  2117 | D:3      | Noticed a water moccasin
  2123 | D:3      | Learned a level 3 spell: Frozen Ramparts
  2127 | D:3      | Learned a level 3 spell: Ozocubu's Armour
  2684 | D:3      | Found a faded altar of an unknown god.
  3604 | D:4      | Reached XP level 5. HP: 36/36 MP: 5/9
  3899 | D:4      | Found a transporter.
  3903 | D:4      | Found a transporter.
  3903 | D:4      | Noticed sentinel's ghost (weakling MeEE)
  3975 | D:4      | Reached skill level 1 in Fighting
  4274 | D:4      | Gained mutation: You are partially covered in large bone
                  | plates. (SH +4) [demonic ancestry]
  4274 | D:4      | Reached XP level 6. HP: 39/43 MP: 5/10
  4383 | D:5      | Entered Level 5 of the Dungeon
  5659 | D:6      | Noticed an orc warrior
  5660 | D:6      | Gained mutation: You have hooves in place of feet. [demonic
                  | ancestry]
  5660 | D:6      | Reached XP level 7. HP: 45/50 MP: 9/12
  5848 | D:6      | Noticed a steam dragon
  5873 | D:6      | Killed a steam dragon
  5874 | D:6      | Reached skill level 5 in Ice Magic
  6105 | D:6      | Identified the +6 great mace "Hunizxen" {vorpal, Fly rPois
                  | SInv}
  6105 | D:6      | Noticed a two-headed ogre
  6105 | D:6      | Noticed bear's ghost (novice SpEE)
  6106 | D:6      | Found a transporter.
  6111 | D:6      | Found a transporter.
  6131 | D:6      | Reached XP level 8. HP: 47/58 MP: 10/14
  6432 | D:6      | Found a staircase to the Ecumenical Temple.
  6443 | Temple   | Entered the Ecumenical Temple
  6602 | Temple   | Became a worshipper of Vehumet
  7638 | D:7      | Reached skill level 5 in Stealth
  7747 | D:7      | Noticed a hornet
  7751 | D:7      | Paralysed by a hornet for 3 turns
  7756 | D:7      | Killed a hornet
  7757 | D:7      | Reached skill level 5 in Dodging
  7757 | D:7      | Reached skill level 5 in Spellcasting
  7958 | D:7      | Learned a level 4 spell: Hailstorm
  8221 | D:8      | Reached XP level 9. HP: 66/66 MP: 10/17
  8253 | D:8      | Reached skill level 5 in Fighting
  8500 | D:8      | Reached * piety under Vehumet
  8500 | D:8      | Offered knowledge of Shock by Vehumet.
  8747 | D:9      | Noticed Erolcha
  8785 | D:10     | Entered Level 10 of the Dungeon
  8946 | D:10     | Noticed a kobold demonologist
  8974 | D:9      | Reached XP level 10. HP: 56/77 MP: 19/19
  8979 | D:9      | Reached ** piety under Vehumet
  8979 | D:9      | Offered knowledge of Static Discharge by Vehumet.
  9054 | D:10     | Found a flagged portal.
  9059 | Bailey   | Entered a bailey
  9226 | Bailey   | Noticed an orc knight
  9236 | Bailey   | Reached skill level 1 in Conjurations
  9284 | Bailey   | Killed an orc knight
  9337 | Bailey   | Found a large runed translucent door.
  9337 | Bailey   | Found a large runed translucent door.
  9338 | Bailey   | Noticed a deep elf pyromancer
  9436 | Bailey   | Killed a deep elf pyromancer
  9560 | D:10     | Noticed a boulder beetle
  9667 | D:9      | Found Lymnesma's General Store.
  9715 | D:9      | Bought a potion of curing for 42 gold pieces
  9715 | D:9      | Bought a scroll of identify for 28 gold pieces
  9715 | D:9      | Bought a scroll of teleportation for 42 gold pieces
  9852 | D:9      | Offered knowledge of Ignite Poison by Vehumet.
 10326 | D:9      | Found Wyifukleisk's Assorted Antiques.
 10337 | D:9      | Bought 2 fizzy green potions for 59 gold pieces
 10337 | D:9      | Bought a scroll labelled CUDWUY GERUUPHY for 33 gold pieces
 10446 | D:10     | Noticed Harold
 10457 | D:10     | Killed Harold
 10493 | D:10     | Found a shimmering altar of Xom.
 10516 | D:10     | Found a staircase to the Lair.
 10573 | D:9      | Killed Erolcha
 10574 | D:9      | Gained mutation: You regenerate magic rapidly. [demonic
                  | ancestry]
 10574 | D:9      | Reached XP level 11. HP: 80/84 MP: 15/22
 10669 | D:9      | Reached *** piety under Vehumet
 10748 | D:10     | Noticed Maurice
 10759 | D:10     | Killed Maurice
 10801 | D:10     | Found a transporter.
 10802 | D:10     | Noticed a deep troll
 10803 | D:10     | Noticed Sonja
 10940 | D:10     | Killed Sonja
 11036 | D:10     | Found a transporter.
 11100 | D:10     | Noticed diceflayer's ghost (journeyman MiFi)
 11108 | D:10     | Found a bloodstained altar of Trog.
 11210 | D:10     | Found a hazy altar of Hepliaklqana.
 11219 | D:10     | Found a sacrificial altar of Ru.
 11287 | D:11     | Found Gaoluo's Distillery.
 11295 | D:11     | Bought a potion of heal wounds for 85 gold pieces
 11295 | D:11     | Bought a potion of ambrosia for 136 gold pieces
 11295 | D:11     | Bought a potion of mutation for 136 gold pieces
 11295 | D:11     | Bought a potion of lignification for 51 gold pieces
 11296 | D:11     | Bought a potion of haste for 170 gold pieces
 11300 | D:11     | Noticed a boulder beetle
 11314 | D:10     | Demolished by a boulder beetle

Illustrated notes

Levels and vault maps discovered:
D:1:      kilobyte_arrival_exit_the_forest, layout_loops_ring,
          minmay_lizard_king
D:2:      layout_basic
D:3:      layout_loops_cross, dreamdust_ecumenical_altar_angels_and_demons
D:4:      layout_rooms, tso_altar, gammafunk_ghost_arena,
          kennysheep_cross_bottleneck
D:5:      layout_loops_ring
D:6:      layout_basic, minmay_temple_entry_junction, gammafunk_ghost_smash,
          minmay_misc_feat_plants
D:7:      layout_loops_corners, elyvilon_altar_1, minmay_door_square
D:8:      layout_basic
D:9:      layout_cave_pools, serial_shops, kennysheep_mini_moat,
          nicolae_shop_crystal, roderic_serpentine_path, uniq_erolcha
D:10:     layout_cave_pools, mainiacjoe_overflow_cross_hatched,
          mainiacjoe_overflow_swirl, lair_entry_dummy, enter_bailey_3,
          gammafunk_ghost_wrathful_warriors, special_room [special_room_kobold],
          minmay_microvault, uniq_sonja, uniq_maurice, uniq_harold
D:11:     nzn_winding_woodlands_small [nzn_winding_woodlands_5x15_parted,
          nzn_winding_woodlands_center_lodge,
          nzn_winding_woodlands_5x15_sawtooth], layout_cave_pools, serial_shops,
          shop, nicolae_shop_statue_plus, nicolae_stop_n_shop_2,
          kennysheep_mini, shop_statue, serial_column_ruins,
          column_ruins_square_large, column_ruins_open_medium,
          column_ruins_corridor_corner, column_ruins_columns_T,
          column_ruins_corridor_water, column_ruins_corridor_T, laboratory
Temple:   nicolae_temple_bog_church

Skill      XL: |  1  2  3  4  5  6  7  8  9 10 11 |
---------------+----------------------------------+-----
Dodging        | 2 3 4 5 6 7 |  7.8
Stealth        | 2 3 4 5 |  5.0
Ice Magic      | 4 5 6 7 8 |  8.6
Spellcasting   | 3 4 5 6 7 8 |  8.0
Fighting       | 1 2 3 4 6 7 |  7.9
Conjurations   | 3 4 |  4.0

Action                   |  1- 3 |  4- 6 |  7- 9 | 10-12 || total
-------------------------+-------+-------+-------+-------++-------
Melee: Mace              |    30 |    22 |       |       ||    52
       Kick              |     4 |    30 |    46 |    44 ||   124
       Flail             |       |    50 |       |    17 ||    67
       Punch             |       |     1 |     3 |     3 ||     7
       Whip              |       |    24 |       |       ||    24
       Dagger            |       |       |   178 |   115 ||   293
 Cast: Freeze            |    47 |    63 |    28 |    21 ||   159
       Ozocubu's Armour  |       |     5 |    19 |    19 ||    43
       Frozen Ramparts   |       |     1 |    19 |    15 ||    35
       Hailstorm         |       |       |     1 |    14 ||    15
Evoke: Wand              |       |       |       |    37 ||    37
  Use: Potion            |     1 |       |     2 |     8 ||    11
       Scroll            |       |     5 |     6 |    12 ||    23
 Stab: Sleeping          |     3 |     7 |     4 |     1 ||    15
       Invisible         |       |       |       |     1 ||     1
Armor: Robe              |    12 |    42 |    92 |    69 ||   215
       Skin              |       |       |       |     8 ||     8
Dodge: Dodged            |    58 |   101 |   196 |   144 ||   499
Block: Other             |       |    12 |    47 |    28 ||    87
